 Dungeon Crawl Stone Soup version 0.31.0-12-g77e489cdc1 (webtiles) character file.

Game seed: 7667072321414292824

474 Killerpretzel the Changeling (level 7, 0/46 HPs)
             Began as an Octopode Shapeshifter on Mar 6, 2024.
             Incinerated by a bombardier beetle (2 damage)
             ... with a burning spray
             ... on level 5 of the Dungeon.
             The game lasted 00:07:05 (3091 turns).

Killerpretzel the Changeling (OpSh)                 Turns: 3091, Time: 00:07:05

Health: 0/46       AC:  1    Str: 14    XL:     7   Next: 10%
Magic:  7/7        EV: 30    Int: 12    God:
Gold:   239        SH:  0    Dex: 19    Spells: 6/6 levels left

rFire   . .          .
                       - Unarmed
rCold   . . .        (no shield)
rNeg    . . .        (helmet currently unavailable)
rPois   .            p - amulet of the acrobat
rElec   .            d - +6 ring of dexterity
rCorr   .            (no ring)
SInv    .            (no ring)
Will    .....        (no ring)
Stlth   +            (no ring)
HPRegen 0.27/turn    (no ring)
MPRegen 0.10/turn    (no ring)
                     (no ring)

%: acrobat
@: on fire, beast-form, acrobatic, glowing
A: beast (slay +2), almost no armour, amphibious, 8 rings, camouflage 1,
gelatinous body 1, (nimble swimmer 1), tentacles
a: Begin Untransformation


You were on level 5 of the Dungeon.
You were a hulking beast.
You visited 1 branch of the dungeon, and saw 5 of its levels.

You collected 239 gold pieces.

Inventory:

Missiles
 h - a boomerang (quivered)
Jewellery
 d - a +6 ring of dexterity (left tentacle)
 n - an amulet of faith
 p - an amulet of the acrobat (around mantle)
Talismans
 b - a beast talisman
 c - a flux talisman
 s - a flux talisman
Scrolls
 i - a scroll of enchant armour
 j - 2 scrolls of teleportation
 m - a scroll of revelation
 o - a scroll of immolation {unknown}
 q - a scroll of fog
 r - a scroll of torment
Potions
 a - 2 potions of lignification
 e - a potion of attraction {unknown}
 f - a potion of invisibility {unknown}
 g - a potion of degeneration {unknown}
 k - 3 potions of mutation
 l - a potion of berserk rage {unknown}


   Skills:
 + Level 3.2 Fighting
 + Level 3.7 Dodging
 + Level 4.3 Unarmed Combat
 * Level 5.1 Shapeshifting


You had 6 spell levels left.
You didn't know any spells.
Your spell library contained the following spells:

 Spells                   Type           Power      Damage    Failure   Level
 Vhi's Electric Charge    Tloc/Air       0%         N/A       97%         4
 Arcjolt                  Conj/Air       0%         1d10      100%        5
 Plasma Beam              Fire/Air       0%         2x1d10    100%        6


Dungeon Overview and Level Annotations

Branches:
Dungeon (5/15)
 Temple: D:4-7

Altars:
Gozag
Hepliaklqana

Annotations:
D:3 2 runed translucent doors, purpleHaze's ghost, amateur OnWr


Innate Abilities, Weirdness & Mutations

You are a hulking beast.
Your limbs bulge with bestial killing power. (Slay +2)
You cannot wear most types of armour.
You are amphibious.
You can wear up to eight rings at the same time.
Your skin changes colour to match your surroundings (Stealth+).
Your rubbery body absorbs attacks. (AC +1, EV +1)
((You are camouflaged when in or above water. (Stealth+)))
You have tentacles for arms and can constrict up to eight enemies at once.


Message History

The bombardier beetle sprays incendiary fluid at you.
The burning spray hits you.
You are even more covered in liquid fire!
You are too injured to fight recklessly!
You shake off some of the fire as you move.
The liquid fire burns you!
You shake off some of the fire as you move.
The liquid fire burns you!
The bombardier beetle sprays incendiary fluid at you.
The burning spray hits you.
You are even more covered in liquid fire!
You shake off some of the fire as you move.
The liquid fire burns you!
You tentacle-slap the bombardier beetle but do no damage.
You grab the bombardier beetle. You squeeze the bombardier beetle.
The bombardier beetle is heavily wounded.
The liquid fire burns you!
You constrict the bombardier beetle.
The bombardier beetle sprays incendiary fluid at you.
The burning spray hits you.
You are even more covered in liquid fire!
You tentacle-slap the bombardier beetle.
The bombardier beetle is almost dead.
The liquid fire burns you!
You constrict the bombardier beetle, but do no damage.
You bludgeon the bombardier beetle!
You kill the bombardier beetle!
The liquid fire burns you!
You shake off some of the fire as you move.
The liquid fire burns you!
* * * LOW HITPOINT WARNING * * *
You shake off some of the fire as you move.
The liquid fire burns you!
* * * LOW HITPOINT WARNING * * *
You shake off some of the fire as you move.
The liquid fire burns you!
* * * LOW HITPOINT WARNING * * *
You shake off some of the fire as you move.
The liquid fire burns you!
You die...

.. ....# .S .)..# ###.#
###....# .
##....#####......# ..
#..#.)...<[..#...### #.##
#.###.#...[.........
#...##.###...............
# #....B...............>.
# ##...#.##.....h........
####.###.##...†..........
##...##............?.....
...##...##...............
##..#.#####....>.........
....... ##......>......
##.##### ##.....#.....#
#.# ###...##..## ##.###
#..#......


There were no monsters in sight!

Vanquished Creatures
  A water moccasin (D:5)
  A bombardier beetle (D:5)
  An orc priest (D:5)
  2 hounds
  2 iguanas (D:4)
  A sleepcap (D:5)
  An orc wizard (D:4)
  A gnoll (D:3)
  4 adders
  3 ribbon worms
  9 orcs
  3 ball pythons
  5 bats
  6 endoplasms
  2 goblins (D:3)
  9 hobgoblins
  9 jackals
  6 kobolds
  3 quokkas
  3 frilled lizards
  11 rats
83 creatures vanquished.

Notes
Turn   | Place    | Note
-------+----------+-------------------------------------------
     0 | D:1      | Killerpretzel the Octopode Shapeshifter began the quest for
                  | the Orb.
     0 | D:1      | Reached XP level 1. HP: 13/13 MP: 1/1
   105 | D:1      | Reached XP level 2. HP: 18/18 MP: 2/2
   639 | D:2      | Found a hazy altar of Hepliaklqana.
   647 | D:2      | Reached XP level 3. HP: 23/23 MP: 3/3
   711 | D:2      | Found a faded altar of an unknown god.
  1334 | D:3      | Found a large runed translucent door.
  1334 | D:3      | Found a large runed translucent door.
  1379 | D:3      | Reached XP level 4. HP: 29/29 MP: 4/4
  1907 | D:3      | Noticed purpleHaze's ghost (amateur OnWr)
  2013 | D:4      | Reached skill level 4 in Shapeshifting
  2023 | D:4      | Reached XP level 5. HP: 34/34 MP: 5/5
  2490 | D:4      | Found an opulent altar of Gozag.
  2641 | D:5      | Entered Level 5 of the Dungeon
  2641 | D:5      | Noticed a water moccasin
  2669 | D:5      | Reached XP level 6. HP: 41/41 MP: 6/6
  2749 | D:5      | HP: 2/41 [orc/+0 short sword (2)]
  3002 | D:5      | Killed a water moccasin
  3003 | D:5      | Reached skill level 5 in Shapeshifting
  3003 | D:5      | Reached XP level 7. HP: 26/46 MP: 7/7
  3090 | D:5      | HP: 2/46 [burnt (5)]
  3091 | D:5      | Incinerated by a bombardier beetle

Illustrated notes

Levels and vault maps discovered:
D:1:      minmay_arrival_stone_box, layout_loops_ring
D:2:      layout_basic, shapermc_ecumenical_altar_flowoftime, basic_altar,
          minmay_small_reverse_x
D:3:      layout_rooms, ebering_ghost_disaster_area, st_stairs_7,
          chequers_avenue
D:4:      layout_rooms, grunt_gozag_statues, serial_forest,
          infiniplex_forest_lined_2, infiniplex_forest_straight_4,
          infiniplex_forest_clump_small, infiniplex_forest_clump_small,
          infiniplex_forest_lined_corner, infiniplex_forest_straight_5,
          infiniplex_forest_lined_4_way
D:5:      layout_rooms, uniq_ijyb

Skill      XL: |  1  2  3  4  5  6 |
---------------+-------------------+-----
Fighting       | 2 3 |  3.2
Shapeshifting  | 4 5 |  5.1
Dodging        | 3 |  3.7
Unarmed Combat | 4 |  4.3

Action                     |  1- 3 |  4- 6 |  7- 9 || total
---------------------------+-------+-------+-------++-------
  Melee: Unarmed           |    65 |    78 |     3 ||   146
         Constrict         |    16 |    24 |     1 ||    41
         Tentacles         |    11 |    16 |     1 ||    28
         Punch             |     1 |     4 |       ||     5
  Throw: Boomerang         |     6 |    31 |     2 ||    39
  Evoke: Wand              |       |     3 |       ||     3
    Use: Scroll            |     4 |     4 |       ||     8
   Stab: Sleeping          |     3 |     2 |       ||     5
 Armour: Skin              |    20 |    34 |       ||    54
  Dodge: Dodged            |    30 |    42 |       ||    72
